 Dungeon Crawl Stone Soup version 0.29.1-12-g30fa7ad0bf (webtiles) character file.

Game seed: 1022546735372224115

52 GigaChad the Trooper (level 3, -4/34 HPs)
             Began as a Minotaur Fighter on Jan 6, 2023.
             Slain by Sigmund
             ... wielding a +0 scythe
              (6 damage)
             ... on level 2 of the Dungeon.
             The game lasted 00:02:33 (876 turns).

GigaChad the Trooper (Minotaur Fighter)              Turns: 876, Time: 00:02:34

Health: -4/34      AC:  7    Str: 22    XL:     3   Next: 60%
Magic:  2/2        EV:  9    Int:  5    God:
Gold:   81         SH:  4    Dex:  9    Spells: 2/2 levels left

rFire   . . .      SeeInvis .   a - +0 war axe
rCold   . . .      Faith    .   c - +0 buckler
rNeg    . . .      Spirit   .   b - +0 scale mail
rPois   .          Reflect  .   (helmet restricted)
rElec   .          Harm     .   (no cloak)
rCorr   .          Rampage  .   (no gloves)
Will    .....                   (no boots)
Stlth   ..........              (no amulet)
HPRegen 0.11/turn               (no ring)
MPRegen 0.08/turn               (no ring)

@: no status effects
A: horns 2, retaliatory headbutt
a: no special abilities


You were on level 2 of the Dungeon.
You visited 1 branch of the dungeon, and saw 2 of its levels.

You collected 81 gold pieces.

Inventory:

Hand Weapons
 a - a +0 war axe (weapon)
Armour
 b - a +0 scale mail (worn)
 c - a +0 buckler (worn)
Scrolls
 e - a scroll of enchant armour {unknown}
 f - a scroll of blinking
 h - a scroll of vulnerability
 k - a scroll of torment
 l - a scroll of fear
Potions
 d - a potion of might
 g - a potion of lignification {unknown}
 j - a potion of heal wounds {unknown}


   Skills:
 + Level 4.3 Fighting
 + Level 3.1 Axes
 + Level 4.2 Armour
 + Level 0.1 Dodging
 + Level 4.0 Shields


You had 2 spell levels left.
You didn't know any spells.
Your spell library contained the following spells:

 Spells                   Type           Power      Damage    Failure   Level
 Sublimation of Blood     Necr           0%         N/A       95%         2
 Wereblood                Tmut           0%         N/A       95%         2
 Summon Hydra             Summ           0%         N/A       100%        7


Dungeon Overview and Level Annotations

Branches:
Dungeon (2/15)

Altars:

Annotations:
D:2 Sigmund


Innate Abilities, Weirdness & Mutations

You have a pair of horns on your head.
You reflexively headbutt those who attack you in melee.


Message History

You slash the dart slug!
You kill the dart slug!
Sigmund the Dreaded comes into view.
He is wielding a +0 scythe.
Sigmund shouts!
An endoplasm comes into view.
You see here a dart slug corpse.
Sigmund is suddenly surrounded by pale green light.
There is a shaft here.
Things that are here:
a scroll labelled MIEFUNT NENIRO; a frilled lizard corpse
Things that are here:
a +0 club; a +0 sling
Things that are here:
a scroll labelled MIEFUNT NENIRO; a frilled lizard corpse Sigmund breathes a few words.
Sigmund's hands start flickering wildly.
There is a shaft here.
Sigmund hits you from afar with a +0 scythe.
Sigmund gestures at you while chanting.
You are confused.
Sigmund points at you and mumbles some strange words.
The puff of flame hits you!
Sigmund giggles. "Time to reap what you sow."
Sigmund barely misses you. Sigmund hits you with a +0 scythe.
Sigmund closely misses you.
Things that are here:
a scroll labelled MIEFUNT NENIRO; a frilled lizard corpse You bump into the rock wall.
You feel less confused. Sigmund barely misses you.
There is a shaft here.
You block Sigmund's attack.
You slash Sigmund!
Sigmund is moderately wounded.
Sigmund casts a spell at you. The magic dart hits you!
* * * LOW HITPOINT WARNING * * *
Sigmund hits you with a +0 scythe.
You die...

... . J... ...# ...# ...#
.. #...####.
#....##.##.#.....
.........#.#...[#
................### #
#..#...........@@.###.###
#.##..........#..^.......
..#<.......>....#?....###
.................)###....
................### ###
..#.........###..#
.#.........## ##..#
...##.....## #...
..#......## ##..


You could see Sigmund.

Vanquished Creatures
  An adder (D:2)
  A dart slug (D:2)
  3 endoplasms (D:1)
  3 giant cockroaches
  4 goblins
  3 hobgoblins (D:1)
  6 jackals
  A quokka (D:1)
  2 ball pythons (D:1)
  3 bats
  3 frilled lizards
  3 kobolds (D:1)
  2 rats
35 creatures vanquished.

Notes
Turn   | Place    | Note
-------+----------+-------------------------------------------
     0 | D:1      | GigaChad the Minotaur Fighter began the quest for the Orb.
     0 | D:1      | Reached XP level 1. HP: 19/19 MP: 0/0
   276 | D:1      | Reached XP level 2. HP: 27/27 MP: 1/1
   703 | D:2      | Reached XP level 3. HP: 33/33 MP: 2/2
   857 | D:2      | Noticed Sigmund
   876 | D:2      | Slain by Sigmund

Illustrated notes

Levels and vault maps discovered:
D:1:      psy_arrival_conway, layout_basic, chequers_decorated_corner
D:2:      layout_rooms, minmay_misc_feat_columns, uniq_sigmund

Skill      XL: |  1  2  3 |
---------------+----------+-----
Shields        | 4 |  4.0
Armour         | 4 |  4.2
Fighting       | 4 |  4.3
Axes           | 3 |  3.1
Dodging        | |  0.1

Action                   || total
-------------------------++-------
Melee: War axe           ||    57
       Headbutt          ||     4
  Use: Scroll            ||     4
Armor: Scale mail        ||    26
Dodge: Dodged            ||    53
Block: Buckler           ||    21
